 Dungeon Crawl Stone Soup version 0.23.2-1-ga50397a (webtiles) character file.

Game seed: 6919968393556246753

44 wilfster70 the Insei (level 3, -3/23 HPs)
             Began as an Octopode Transmuter on May 10, 2019.
             Slain by a gnoll
             ... wielding a +0 club
              (8 damage)
             ... on level 1 of the Dungeon.
             The game lasted 00:04:47 (1782 turns).

wilfster70 the Insei (Octopode Transmuter)          Turns: 1782, Time: 00:04:48

Health: -3/23      AC:  1    Str:  9    XL:     3   Next: 62%
Magic:  6/6        EV: 12    Int: 15    God:
Gold:   77         SH:  0    Dex: 13    Spells: 3/6 levels left

rFire    . . .     SeeInvis .   f - +1 dagger (freeze)
rCold    . . .     Gourm    .   (no shield)
rNeg     . . .     Faith    .   (helmet restricted)
rPois    .         Spirit   .   (no amulet)
rElec    .         Reflect  .   m - -2 ring of evasion (curse)
rCorr    .         Harm     .   (no ring)
MR       .....                  (no ring)
Stlth    ++........             (no ring)
HPRegen  0.07/turn              (no ring)
MPRegen  0.10/turn              (no ring)
                                (no ring)
                                (no ring)

@: no status effects
A: almost no armour, stealthy swim, amphibious, 8 rings, constrict 8, camouflage
1, gelatinous body 1
a: no special abilities


You were on level 1 of the Dungeon.
You were hungry.

You visited 1 branch of the dungeon, and saw 2 of its levels.

You collected 77 gold pieces.

Inventory:

Hand Weapons
 f - a +1 dagger of freezing (weapon)
Missiles
 a - 12 arrows
 i - 20 stones (quivered)
Jewellery
 m - a cursed -2 ring of evasion (left tentacle)
Scrolls
 d - a scroll of fog {unknown}
 e - a scroll of random uselessness {unknown}
 h - 3 scrolls of identify
 j - a scroll of teleportation {unknown}
 l - a scroll of enchant weapon {unknown}
Potions
 b - a potion of curing
 g - a potion of haste {unknown}
 k - a potion of brilliance {unknown}
 o - a potion of invisibility {unknown}
Comestibles
 c - 5 rations


   Skills:
 - Level 1.0 Fighting
 * Level 2.9 Dodging
 + Level 3.3 Unarmed Combat
 + Level 2.3 Spellcasting
 + Level 2.4 Transmutations


You had 3 spell levels left.
You knew the following spells:

 Your Spells              Type           Power        Failure   Level  Hunger
a - Beastly Appendage     Tmut           #.....       8%          1    #......
b - Sticks to Snakes      Tmut           #.......     12%         2    ###....

Your spell library contained the following spells:

 Spells                   Type           Power        Failure   Level  Hunger
 Animate Skeleton         Necr           N/A          22%         1    #......
 Apportation              Tloc           #.....       22%         1    #......
 Confusing Touch          Hex            #.....       22%         1    #......
 Summon Small Mammal      Summ           #...         22%         1    #......
 Spider Form              Tmut/Pois      #.........   36%         3    ###....
 Ice Form                 Ice/Tmut       #.......     78%         4    #####..
 Blade Hands              Tmut           #.........   91%         5    ######.


Dungeon Overview and Level Annotations

Branches:
Dungeon (2/15)

Altars:
Makhleb
Xom
Yredelemnul


Innate Abilities, Weirdness & Mutations

You cannot wear most types of armour.
You are very stealthy in the water. (Stealth+)
You are amphibious.
You can wear up to eight rings at the same time.
You can use your tentacles to constrict eight enemies at once.
Your skin changes colour to match your surroundings (Stealth+).
Your rubbery body absorbs attacks. (AC +1, EV +1)


Message History

The rat twitches its whiskers.
You see here 3 large rocks.
All of the chunks of flesh in your inventory have rotted away.
You hit the gnoll. You freeze the gnoll. You grab the gnoll.
The gnoll is moderately wounded.
You constrict the gnoll, but do no damage.
The gnoll barely misses you.
You hit the gnoll but do no damage.
The gnoll is moderately wounded.
You constrict the gnoll, but do no damage.
The gnoll hits you with a +0 club.
You hit the gnoll. You freeze the gnoll.
You squeeze the gnoll, but do no damage.
The gnoll is heavily wounded.
You constrict the gnoll. The gnoll hits you with a +0 club.
* * * LOW HITPOINT WARNING * * *
You hit the gnoll but do no damage.
The gnoll is severely wounded.
You constrict the gnoll. The gnoll hits you with a +0 club!
You die...

########.<## ......#...[#
......#....# ########..##
...8...##'# ### P.P....#..#
#########.## .P.P.P.#.)#
#........#.## ..P....#..#
#.####...##.######### .P.P.P.#..#
##..@gr.........)....
..P.P..#..#♣#.####....#.###.#####
...P.......♣#.# ##g...###.......
...........♣#(# #.#.## #..#####
#####......♣#.# #.#.# #..#####
..........♣♣#.# #.#.## #..#....
..........♣ #.# #.#..###..#.###
#####....♣♣ #.# #...........#
.........♣ #.# ####g###..#####


You could see 2 gnolls and a rat.

Vanquished Creatures
  A gnoll (D:1)
  2 dart slugs
  2 leopard geckos
  4 bats
  A giant cockroach (D:1)
  8 goblins
  A ball python (D:1)
  2 frilled lizards
  4 kobolds (D:1)
  6 rats
31 creatures vanquished.

Notes
Turn   | Place    | Note
-------+----------+-------------------------------------------
     0 | D:1      | wilfster70 the Octopode Transmuter began the quest for the
                  | Orb.
     0 | D:1      | Reached XP level 1. HP: 13/13 MP: 3/3
   524 | D:1      | Reached XP level 2. HP: 16/18 MP: 3/5
   542 | D:1      | Learned a level 2 spell: Sticks to Snakes
  1240 | D:2      | Reached XP level 3. HP: 23/23 MP: 6/6
  1258 | D:2      | Found a basalt altar of Yredelemnul.
  1259 | D:2      | Found a shimmering altar of Xom.
  1261 | D:2      | Found a burning altar of Makhleb.
  1782 | D:1      | Slain by a gnoll

Action                   || total
-------------------------++-------
Melee: Unarmed           ||    54
       Constrict         ||    20
       Kick              ||     2
       Punch             ||     1
       Dagger            ||    31
       Tentacles         ||     6
 Cast: Beastly Appendage ||     3
  Use: Scroll            ||     3
 Stab: Sleeping          ||     7
  Eat: Chunk             ||     2
Armor: Skin              ||    12
Dodge: Dodged            ||    58
